 Dungeon Crawl Stone Soup version 0.19.1-1-g22dce08 (webtiles) character file.

26 Gorglomux the Ruffian (level 3, 32/33 HPs)
             Began as a Ghoul Monk on Nov 2, 2016.
             Quit the game on level 2 of the Dungeon on Dec 30, 2016.
             The game lasted 00:03:01 (777 turns).

Gorglomux the Ruffian (Ghoul Monk)                   Turns: 777, Time: 00:03:03

Health: 32/33      AC:  2    Str: 15    XL:     3   Next: 8%
Magic:  2/2        EV: 12    Int:  5    God:
Gold:   45         SH:  0    Dex: 11    Spells: 0 memorised, 2 levels left

rFire  . . .     SeeInvis .       - Unarmed
rCold  + . .     Gourm    .     a - +0 robe
rNeg   + + +     Faith    .     (no shield)
rPois  ∞         Spirit   .     (no helmet)
rElec  .         Reflect  .     (no cloak)
rCorr  .         Harm     .     (no gloves)
MR     .....                    (no boots)
Stlth  ++........               (no amulet)
                                (no ring)
                                (no ring)

@: rotting
A: rotting body, claws 1, carnivore 3, cold resistance 1, negative energy
resistance 3, slow regeneration 1, torment resistance, unbreathing
a: no special abilities


You were on level 2 of the Dungeon.
You were not hungry.

You visited 1 branch of the dungeon, and saw 2 of its levels.

You collected 45 gold pieces.

Inventory:

Armour
 a - a +0 robe (worn)
Scrolls
 c - 2 scrolls of remove curse {unknown}
 d - 5 scrolls of identify {unknown}
 e - a scroll of fog {unknown}
 h - a scroll of noise {unknown}
Potions
 i - 2 potions of curing {unknown}
Comestibles
 b - 2 meat rations
 f - 5 chunks of flesh
 g - a beef jerky


   Skills:
 + Level 3.7 Fighting
 - Level 2.6 Dodging
 - Level 2.1 Stealth
 * Level 4.1 Unarmed Combat


You had 2 spell levels left.
You didn't know any spells.

Dungeon Overview and Level Annotations

Branches:
Dungeon (2/15)

Altars:
Gozag
Zin


Innate Abilities, Weirdness & Mutations

Your body is rotting away.
You thrive on raw meat.
You are immune to poison.
You have sharp fingernails.
You are carnivorous and can eat meat at any time.
Your flesh is cold resistant. (rC+)
You are immune to negative energy. (rN+++)
You regenerate slowly when monsters are visible.
You are immune to unholy pain and torment.
You can survive without breathing.


Message History

You completely miss the kobold. The kobold barely misses you.
You completely miss the kobold. The kobold barely misses you.
You barely miss the kobold. You closely miss the kobold.
The kobold hits you with a dagger.
You scratch the kobold.
You kill the kobold!
No target in view!
No target in view!
No target in view!
No target in view!
Things that are here:
a dagger; 2 stones No target in view!
Welcome back, Gorglomux the Ghoul Monk.
Press ? for a list of commands and other information.
Welcome back, Gorglomux the Ghoul Monk.
Press ? for a list of commands and other information.
Welcome back, Gorglomux the Ghoul Monk.
Press ? for a list of commands and other information.
Are you sure you want to abandon this character and quit the game? (Confirm with "yes".)

#.. ###..##...#
.....#....##...#
...........)##
#..#.###.....>.#
#........#######
.#..##(##### #
#(....# #.###..#
#@# # #....#
###..# ##.. ...
.### . #.


There were no monsters in sight!

Vanquished Creatures
  2 dart slugs
  2 leopard geckos
  A ball python (D:1)
  2 giant cockroaches (D:1)
  3 goblins
  A hobgoblin (D:2)
  3 kobolds
  5 rats
19 creatures vanquished.

Notes
Turn   | Place    | Note
-------+----------+-------------------------------------------
     0 | D:1      | Gorglomux the Ghoul Monk began the quest for the Orb.
     0 | D:1      | Reached XP level 1. HP: 19/19 MP: 0/0
   122 | D:1      | Reached XP level 2. HP: 22/26 MP: 1/1
   570 | D:1      | Reached skill level 4 in Unarmed Combat
   702 | D:2      | Found an opulent altar of Gozag.
   702 | D:2      | Found a glowing silver altar of Zin.
   730 | D:2      | Reached XP level 3. HP: 29/33 MP: 2/2
   777 | D:2      | Upgraded the game from 0.19.0-1-g5985abe to 0.19.0-2-gae57169
   777 | D:2      | Upgraded the game from 0.19.0-2-gae57169 to 0.19.0-20-gbc5f0c6
   777 | D:2      | Upgraded the game from 0.19.0-20-gbc5f0c6 to 0.19.1-1-g22dce08
   777 | D:2      | Quit the game

Skill      XL: |  1  2 |
---------------+-------+-----
Unarmed Combat | 4 |  4.1
Fighting       | |  3.7
Dodging        | |  2.6
Stealth        | |  2.1

Action                   || total
-------------------------++-------
Melee: Unarmed           ||    55
       Punch             ||     3
 Stab: Sleeping          ||     1
  Eat: Chunk             ||     2
Armor: Robe              ||     7
Dodge: Dodged            ||    33
